 Dungeon Crawl Stone Soup version 0.29.0-10-g45618ea6d2 (webtiles) character file.

Game seed: 14778879597354357243

66 nickcage the Cudgeller (level 3, -1/31 HPs)
             Began as a Minotaur Abyssal Knight on Sept 1, 2022.
             Was a Priest of Lugonu.
             Slain by a gnoll
             ... wielding a +0 spear
              (6 damage)
             ... on level 2 of the Dungeon.
             The game lasted 00:02:27 (1393 turns).

nickcage the Cudgeller (Minotaur Abyssal Knight)    Turns: 1393, Time: 00:02:27

Health: -1/31      AC:  6    Str: 19    XL:     3   Next: 96%
Magic:  3/3        EV: 10    Int:  7    God:    Lugonu [***...]
Gold:   30         SH:  0    Dex: 10    Spells: 2/2 levels left

rFire   . . .      SeeInvis .   a - +1 mace
rCold   . . .      Faith    .   (no shield)
rNeg    . . .      Spirit   .   g - +0 ring mail
rPois   .          Reflect  .   (helmet restricted)
rElec   .          Harm     .   j - +0 cloak
rCorr   .          Rampage  .   (no gloves)
Will    .....                   (no boots)
Stlth   ..........              (no amulet)
HPRegen 0.10/turn               (no ring)
MPRegen 0.08/turn               (no ring)

@: no status effects
A: horns 2, retaliatory headbutt
a: Renounce Religion, Depart the Abyss, Bend Space, Banish


You were on level 2 of the Dungeon.
You worshipped Lugonu.
Lugonu was most pleased with you.
You visited 1 branch of the dungeon, and saw 2 of its levels.
You visited the Abyss 1 time.

You collected 30 gold pieces.

Inventory:

Hand Weapons
 a - a +1 mace (weapon)
Armour
 b - a +0 leather armour
 g - a +0 ring mail (worn)
 j - a +0 cloak (worn)
Scrolls
 f - a scroll of noise {unknown}
 h - a scroll of enchant armour {unknown}
 i - a scroll of enchant weapon {unknown}
Potions
 c - 2 potions of degeneration {unknown}
 d - a potion of attraction {unknown}
 e - a potion of lignification {unknown}
 k - a potion of curing {unknown}


   Skills:
 - Level 3.6 Fighting
 + Level 5.2 Maces & Flails
 - Level 2.4 Armour
 - Level 1.1 Dodging
 - Level 1.7 Invocations


You had 2 spell levels left.
You didn't know any spells.
Your spell library contained the following spells:

 Spells                   Type           Power      Damage    Failure   Level
 Gell's Gravitas          Tloc           0%         N/A       93%         3
 Teleport Other           Tloc           0%         N/A       93%         3
 Dispersal                Tloc           0%         N/A       100%        6


Dungeon Overview and Level Annotations

Branches:
Dungeon (2/15)

Altars:


Innate Abilities, Weirdness & Mutations

You have a pair of horns on your head.
You reflexively headbutt those who attack you in melee.


Message History

Lugonu accepts your kill.
The gnoll shouts!
The gnoll hits you with a +0 spear.
You see here a +0 flail.
You hit the gnoll.
The gnoll is lightly wounded.
The gnoll completely misses you.
You closely miss the gnoll.
The gnoll is lightly wounded.
The gnoll barely misses you.
You closely miss the gnoll.
The gnoll is lightly wounded.
The gnoll hits you with a +0 spear.
You hit the gnoll.
The gnoll is moderately wounded.
The gnoll misses you. You furiously retaliate!
You headbutt the gnoll, but do no damage.
A dart slug comes into view.
You hit the gnoll.
The gnoll is heavily wounded.
The gnoll hits you with a +0 spear.
You closely miss the gnoll.
The gnoll is heavily wounded.
The gnoll hits you but does no damage.
You hit the gnoll but do no damage.
The gnoll is heavily wounded.
The gnoll hits you with a +0 spear.
* * * LOW HITPOINT WARNING * * *
You barely miss the gnoll.
You headbutt the gnoll, but do no damage.
The gnoll is heavily wounded.
The gnoll barely misses you.
You hit the gnoll. Your headbutt misses the gnoll.
The gnoll is severely wounded.
The gnoll barely misses you. The gnoll hits you with a +0 spear.
* * * LOW HITPOINT WARNING * * *
You hit the gnoll.
The gnoll is almost dead.
The gnoll hits you with a +0 spear.
You die...

###....[.......
....>...$......
#............
#......?.....
#.[...(......
#.w..........
#.g...$......
##g##########
#@# #.# #†#
##.# ###..#
#...## #+##.###
#.#..###
########......#


You could see 2 gnolls and a dart slug.

Vanquished Creatures
  2 gnolls (D:2)
  An adder (D:2)
  5 endoplasms (D:1)
  A giant cockroach (D:1)
  2 hobgoblins
  3 jackals (D:1)
  7 kobolds
  2 quokkas (D:1)
  4 ball pythons (D:1)
  2 bats (D:1)
  5 frilled lizards
  3 goblins (D:1)
  A rat (D:2)
38 creatures vanquished.

Notes
Turn   | Place    | Note
-------+----------+-------------------------------------------
     0 | Abyss:1  | nickcage the Minotaur Abyssal Knight began the quest for
                  | the Orb.
     0 | Abyss:1  | Reached XP level 1. HP: 19/19 MP: 1/1
     1 | D:1      | Escaped the Abyss
    95 | D:1      | Reached skill level 3 in Maces & Flails
   288 | D:1      | Reached XP level 2. HP: 25/26 MP: 2/2
   593 | D:1      | Reached skill level 4 in Maces & Flails
   683 | D:1      | Reached *** piety under Lugonu
   807 | D:1      | Reached XP level 3. HP: 26/31 MP: 3/3
  1360 | D:2      | Reached skill level 5 in Maces & Flails
  1393 | D:2      | Slain by a gnoll

Illustrated notes

Levels and vault maps discovered:
D:1:      dpeg_arrival_chambers_temple_mockup, layout_basic, chequers_arboretum
D:2:      layout_basic, st_stairs_10, wander_ebering_terrifying_dragon_lair

Skill      XL: |  1  2  3 |
---------------+----------+-----
Maces & Flails | 3 4 5 |  5.2
Fighting       | |  3.6
Armour         | |  2.4
Dodging        | |  1.1
Invocations    | |  1.7

Action                   || total
-------------------------++-------
Melee: Mace              ||    81
       Headbutt          ||     9
Armor: Leather armour    ||     4
       Ring mail         ||    25
Dodge: Dodged            ||    49
